 Dungeon Crawl Stone Soup version 0.27-a0-604-g29a88b33a7 (webtiles) character file.

Game seed: 360275977609652117

15175 CypherZel the Geomancer (level 12, -1/136 HPs)
             Began as a Gnoll Wanderer on Mar 12, 2021.
             Was a Priest of Trog.
             Slain by a water moccasin (5 damage)
             ... on level 1 of the Lair of Beasts.
             The game lasted 00:38:01 (18377 turns).

CypherZel the Geomancer (Gnoll Wanderer)           Turns: 18377, Time: 00:38:02

Health: -1/136     AC: 13    Str: 27    XL:     12   Next: 24%
Magic:  0/23       EV: 13    Int: 13    God:    Trog [***...]
Gold:   648        SH:  0    Dex: 12    Spells: 26/26 levels left

rFire    . . .     SeeInvis .   o - +8 halberd (freeze)
rCold    . . .     Faith    .   (shield currently unavailable)
rNeg     . . .     Spirit   +   m - +1 ring mail
rPois    .         Reflect  .   e - +2 hat
rElec    .         Harm     +   y - scarf {harm}
rCorr    .         Rampage  .   (no gloves)
Will     .....                  g - +2 pair of boots
Stlth    ..........             k - amulet of guardian spirit
HPRegen  0.32/turn              E - +6 ring of strength
MPRegen  0.18/turn              F - +6 ring of strength

@: berserking, lethally poisoned (-1 -> -11), very quick
A: fangs 1, strong nose, distributed training
a: Renounce Religion, Berserk, Trog's Hand


You were on level 1 of the Lair of Beasts.
You worshipped Trog.
Trog was most pleased with you.
You visited 2 branches of the dungeon, and saw 12 of its levels.

You collected 648 gold pieces.

Inventory:

Hand Weapons
 a - a +4 hand axe
 o - a +8 halberd of freezing (weapon)
 C - a +3 morningstar
Missiles
 i - 52 poisoned darts
 l - 11 javelins
 x - 10 boomerangs
Armour
 b - a +1 buckler
 c - a +0 leather armour
 e - a +2 hat (worn)
 g - a +2 pair of boots (worn)
 m - a +1 ring mail (worn)
 v - a +0 chain mail
 w - a +0 robe
 y - a scarf of harm (worn)
Jewellery
 k - an amulet of guardian spirit (around neck)
 r - a ring of wizardry
 E - a +6 ring of strength (right hand)
 F - a +6 ring of strength (left hand)
 K - a ring of positive energy
Wands
 d - a wand of digging (4)
 h - a wand of acid (7)
 j - a wand of polymorph (11)
 p - a wand of paralysis (7)
 q - a wand of flame (18)
Scrolls
 D - 4 scrolls of blinking
 X - a scroll of magic mapping {@r4}
 Y - 5 scrolls of teleportation {@r3}
Potions
 B - 2 potions of brilliance
 G - a potion of ambrosia
 H - 4 potions of haste
 I - a potion of invisibility
 J - 5 potions of curing {@q1}
 N - a potion of heal wounds {@q2}
 R - a potion of resistance
 T - a potion of berserk rage
 U - 2 potions of mutation
Miscellaneous
 s - a tin of tremorstones (2/2)
 z - a box of beasts


   Skills:
 + Level 7.6 Fighting
 + Level 7.1 Short Blades
 + Level 7.1 Long Blades
 + Level 7.6 Axes
 + Level 7.1 Maces & Flails
 + Level 7.1 Polearms
 + Level 7.1 Staves
 + Level 7.1 Slings
 + Level 7.1 Bows
 + Level 7.1 Crossbows
 + Level 7.1 Throwing
 + Level 7.6 Armour
 + Level 7.1 Dodging
 + Level 7.5 Stealth
 + Level 7.6 Shields
 + Level 7.1 Unarmed Combat
 + Level 7.7 Spellcasting
 + Level 5.9 Conjurations
 + Level 5.9 Hexes
 + Level 5.9 Summonings
 + Level 5.9 Necromancy
 + Level 5.9 Translocations
 + Level 5.9 Transmutations
 + Level 5.9 Fire Magic
 + Level 5.9 Ice Magic
 + Level 5.9 Air Magic
 + Level 8.1 Earth Magic
 + Level 6.3 Poison Magic
 + Level 7.8 Invocations
 + Level 7.1 Evocations


You had 26 spell levels left.
You didn't know any spells.
Your spell library contained the following spells:

 Spells                   Type           Power      Damage    Failure   Level
 Beastly Appendage        Tmut           40%        N/A       1%          1
 Sandblast                Erth           52%        2d12      1%          1
 Stone Arrow              Conj/Erth      46%        3d9       3%          3
 Spider Form              Tmut/Pois      10%        N/A       4%          3


Dungeon Overview and Level Annotations

Branches:
Dungeon (10/15)            Temple (0/1) D:7            Lair (2/6) D:10
  Swamp (0/4) Lair:2        Snake (0/4) Lair:2          Orc (0/2) D:9

Altars:
Hepliaklqana
Qazlal
Ru
Trog
Jiyva

Shops:
D:6 *

Annotations:
D:10 3 runed translucent doors, kae's ghost, journeyman NaTm


Innate Abilities, Weirdness & Mutations

You have very sharp teeth.
Your uncanny sense of smell can sniff out nearby items.
Your experience applies equally to all skills.


Message History

You recover from your berserk rage.
You start resting.
HP restored.
You climb downwards.
You feel an oppressive heat about you.
There is an entrance to a volcano on this level.
Hurry and find it before the entrance collapses!
You hear the slow rumble of a distant avalanche of rocks.
The water moccasin bites you.
You are poisoned.
The water moccasin poisons you! The komodo dragon bites you!!
There is a stone staircase leading up, spattered with blood here.
The cane toad gives a loud, deep croak!
The komodo dragon bites you! The water moccasin bites you.
You are more poisoned.
The water moccasin poisons you! The cane toad stings you!!
* * * LOW HITPOINT WARNING * * *
You climb upwards.
You feel very sick.
There is a stone staircase leading down, spattered with blood here.
Okay, then.
A red film seems to cover your vision as you go berserk!
You feel yourself moving faster!
You feel mighty!
You are too injured to fight recklessly!
You closely miss the cane toad. You barely miss the cane toad.
You hit the cane toad. You freeze the cane toad.
The cane toad is moderately wounded.
The cane toad stings you!
* * * LOW HITPOINT WARNING * * *
You closely miss the cane toad. Your bite misses the cane toad.
The cane toad is moderately wounded.
You impale the cane toad!! You freeze the cane toad!
You feel the power of Trog in you as your rage grows.
You kill the cane toad!
The komodo dragon bites you!
* * * LOW HITPOINT WARNING * * *
You closely miss the komodo dragon. The komodo dragon bites you!!
* * * LOW HITPOINT WARNING * * *
The water moccasin bites you.
You die...

.....................#
....................##
......?...>.........#
#.#.................#
#.##................#
#..#................#
#.#.................#
#...............l†..#
................@†..#
...............S....##
.....................#
....................##
...#................##
...#.................#
..............(.....##
.....................#
.....................#


You could see a komodo dragon and a water moccasin.

Vanquished Creatures
  2 hydras (Lair:1)
  Erica (D:10)
  3 death yaks (D:10)
  An ugly thing (D:9)
  A cyclops (D:10)
  A centaur zombie (D:10)
  A gargoyle (D:9)
  3 cane toads (Lair:1)
  A rime drake (Lair:1)
  2 trolls
  4 blink frogs (Lair:1)
  17 yaks
  A wyvern (Lair:1)
  A steam dragon (D:10)
  A warg (D:9)
  2 water moccasins (Lair:1)
  Duvessa (D:6)
  An ice beast (D:7)
  5 orc warriors
  A black bear (D:7)
  2 sky beasts
  5 ogres
  A phantom (D:9)
  2 centaurs
  12 bullfrogs
  A gnoll sergeant (D:9)
  Dowan (D:6)
  A water moccasin skeleton (D:8)
  3 scorpions
  3 killer bees
  2 electric eels (Lair:1)
  2 howler monkeys
  14 wights
  A centaur skeleton (D:9)
  A bullfrog zombie (D:7)
  3 hounds
  A jelly (D:9)
  2 orc priests
  A hell rat (D:10)
  2 iguanas
  6 orc wizards
  12 worker ants
  6 gnolls
  2 howler monkey skeletons
  2 worker ant zombies (D:7)
  12 adders
  2 shadow imps
  2 white imps
  2 oozes (D:2)
  3 ufetubi
  2 adder skeletons (D:4)
  3 worms
  3 dart slugs
  8 leopard geckos
  17 orcs
  9 bats
  12 giant cockroaches
  6 goblins
  8 hobgoblins
  7 jackals
  6 quokkas
  7 frilled lizards
  7 kobolds
  A quokka skeleton (D:9)
  10 rats
265 creatures vanquished.

Vanquished Creatures (others)
  A wizard (D:4)
  2 fungi (Lair:1)
  4 plants
7 creatures vanquished.

Grand Total: 272 creatures vanquished

Notes
Turn   | Place    | Note
-------+----------+-------------------------------------------
     0 | D:1      | CypherZel the Gnoll Wanderer began the quest for the Orb.
     0 | D:1      | CypherZel set off with the following items: a +2 hand axe,
                  | a +0 robe; and the following spells available to memorise:
                  | Sandblast, Beastly Appendage, Stone Arrow, Spider Form
     0 | D:1      | Reached XP level 1. HP: 17/17 MP: 4/4
    65 | D:1      | Reached XP level 2. HP: 18/23 MP: 5/5
   644 | D:1      | Reached XP level 3. HP: 23/28 MP: 7/7
  1687 | D:2      | Reached skill level 1 in Invocations
  1748 | D:2      | Reached skill level 1 in Short Blades
  1748 | D:2      | Reached skill level 1 in Long Blades
  1748 | D:2      | Reached skill level 1 in Maces & Flails
  1748 | D:2      | Reached skill level 1 in Polearms
  1748 | D:2      | Reached skill level 1 in Staves
  1748 | D:2      | Reached skill level 1 in Slings
  1748 | D:2      | Reached skill level 1 in Bows
  1748 | D:2      | Reached skill level 1 in Crossbows
  1748 | D:2      | Reached skill level 1 in Throwing
  1748 | D:2      | Reached skill level 1 in Dodging
  1748 | D:2      | Reached skill level 1 in Unarmed Combat
  1748 | D:2      | Reached skill level 1 in Evocations
  1786 | D:2      | Reached XP level 4. HP: 34/34 MP: 8/8
  2333 | D:3      | Reached skill level 1 in Conjurations
  2333 | D:3      | Reached skill level 1 in Hexes
  2333 | D:3      | Reached skill level 1 in Summonings
  2333 | D:3      | Reached skill level 1 in Necromancy
  2333 | D:3      | Reached skill level 1 in Translocations
  2333 | D:3      | Reached skill level 1 in Transmutations
  2333 | D:3      | Reached skill level 1 in Fire Magic
  2333 | D:3      | Reached skill level 1 in Ice Magic
  2333 | D:3      | Reached skill level 1 in Air Magic
  2825 | D:3      | Reached XP level 5. HP: 40/40 MP: 9/9
  3680 | D:4      | Found a bloodstained altar of Trog.
  3681 | D:4      | Noticed a wizard
  3686 | D:4      | Became a worshipper of Trog the Wrathful
  3686 | D:4      | Killed a wizard
  4121 | D:4      | Reached XP level 6. HP: 44/47 MP: 9/11
  4257 | D:5      | Entered Level 5 of the Dungeon
  4853 | D:5      | Found a sacrificial altar of Ru.
  4909 | D:5      | Reached XP level 7. HP: 39/52 MP: 10/12
  5271 | D:6      | Found a stormy altar of Qazlal.
  5274 | D:6      | Found a hazy altar of Hepliaklqana.
  5391 | D:6      | Found Ewo Lug's Assorted Antiques.
  5712 | D:6      | Noticed Duvessa
  5712 | D:6      | Noticed Dowan
  5729 | D:6      | Killed Duvessa
  5731 | D:6      | Killed Dowan
  6293 | D:6      | Reached skill level 6 in Earth Magic
  6293 | D:6      | Reached XP level 8. HP: 57/60 MP: 12/14
  6534 | D:7      | Reached * piety under Trog
  6800 | D:7      | Found a staircase to the Ecumenical Temple.
  7294 | D:7      | Reached XP level 9. HP: 54/66 MP: 12/16
  8159 | D:8      | Reached skill level 5 in Spellcasting
  8914 | D:8      | Reached skill level 5 in Fighting
  8914 | D:8      | Reached skill level 5 in Axes
  8914 | D:8      | Reached skill level 5 in Armour
  8914 | D:8      | Reached skill level 5 in Shields
  9388 | D:9      | Reached skill level 5 in Stealth
  9755 | D:9      | Reached ** piety under Trog
  9877 | D:9      | Found a large runed translucent door.
  9877 | D:9      | Found a large runed translucent door.
  9899 | D:9      | Found a large runed translucent door.
  9899 | D:9      | Found a large runed translucent door.
 10111 | D:8      | Reached skill level 5 in Invocations
 10742 | D:9      | Noticed a troll
 10749 | D:9      | Killed a troll
 10830 | D:9      | Reached XP level 10. HP: 66/74 MP: 15/18
 11189 | D:9      | Found a staircase to the Orcish Mines.
 11290 | D:9      | Noticed a green ugly thing
 11302 | D:9      | Killed a green ugly thing
 11303 | D:9      | Reached skill level 5 in Short Blades
 11303 | D:9      | Reached skill level 5 in Long Blades
 11303 | D:9      | Reached skill level 5 in Maces & Flails
 11303 | D:9      | Reached skill level 5 in Polearms
 11303 | D:9      | Reached skill level 5 in Staves
 11303 | D:9      | Reached skill level 5 in Slings
 11303 | D:9      | Reached skill level 5 in Bows
 11303 | D:9      | Reached skill level 5 in Crossbows
 11303 | D:9      | Reached skill level 5 in Throwing
 11303 | D:9      | Reached skill level 5 in Dodging
 11303 | D:9      | Reached skill level 5 in Unarmed Combat
 11303 | D:9      | Reached skill level 5 in Evocations
 11449 | D:9      | Reached skill level 7 in Earth Magic
 12922 | D:9      | Reached skill level 5 in Poison Magic
 12976 | D:9      | Identified the +7 glaive of Lubitull {antimagic, *Slow rC-
                  | rN+++ Int+8}
 13592 | D:10     | Entered Level 10 of the Dungeon
 13685 | D:10     | Noticed a gargoyle
 13687 | D:10     | Noticed a death yak
 13694 | D:9      | Killed a gargoyle
 14406 | D:10     | Noticed a death yak
 14504 | D:10     | Noticed Erica
 14543 | D:10     | Killed Erica
 14544 | D:10     | Reached XP level 11. HP: 70/83 MP: 7/20
 14714 | D:10     | Noticed a cyclops
 14730 | D:10     | Killed a cyclops
 14901 | D:10     | Reached skill level 5 in Conjurations
 14901 | D:10     | Reached skill level 5 in Hexes
 14901 | D:10     | Reached skill level 5 in Summonings
 14901 | D:10     | Reached skill level 5 in Necromancy
 14901 | D:10     | Reached skill level 5 in Translocations
 14901 | D:10     | Reached skill level 5 in Transmutations
 14901 | D:10     | Reached skill level 5 in Fire Magic
 14901 | D:10     | Reached skill level 5 in Ice Magic
 14901 | D:10     | Reached skill level 5 in Air Magic
 15094 | D:10     | Noticed a death yak
 15096 | D:10     | Killed a death yak
 15098 | D:10     | Killed a death yak
 15104 | D:10     | Killed a death yak
 15300 | D:10     | Reached *** piety under Trog
 15308 | D:10     | Found a staircase to the Lair.
 15311 | D:10     | Found a runed translucent gate.
 15312 | D:10     | Found a runed translucent gate.
 15313 | D:10     | Found a runed translucent gate.
 15318 | D:10     | Found a viscous altar of Jiyva.
 15318 | D:10     | Noticed kae's ghost (journeyman NaTm)
 15599 | Lair:1   | Entered Level 1 of the Lair of Beasts
 15746 | Lair:1   | Noticed a seven-headed hydra
 15766 | Lair:1   | Killed a ten-headed hydra
 16549 | Lair:1   | Noticed an eight-headed hydra
 16571 | Lair:1   | Killed a 13-headed hydra
 16572 | Lair:1   | Reached skill level 8 in Earth Magic
 16572 | Lair:1   | Reached XP level 12. HP: 58/91 MP: 9/23
 18377 | Lair:1   | HP: 4/136 [komodo dragon (23)]
 18377 | Lair:1   | Slain by a water moccasin

Illustrated notes

Levels and vault maps discovered:
D:1:      tarquinn_simple_flora_water_b, layout_basic, st_stairs_5,
          minmay_small_reverse_x
D:2:      layout_rooms
D:3:      layout_basic
D:4:      layout_basic, trog_wizard
D:5:      layout_rooms, nicolae_ru_path_of_blood
D:6:      layout_cave_pods, basic_altar, serial_shops, shop_fountains,
          serial_column_ruins, column_ruins_square_large,
          column_ruins_temple_circle, column_ruins_columns_straight,
          column_ruins_open_tiny, column_ruins_columns_dead_end,
          column_ruins_open_medium, uniq_duvessa
D:7:      layout_rooms, minmay_temple_entry_stoned_glass, amethyst_killhole
D:8:      layout_basic, kennysheep_cross_bottleneck
D:9:      layout_stronghold, david_orc_3, minmay_hollow_rounded_squares
D:10:     layout_roguey, dpeg_lair_monsters, gammafunk_ghost_ooze, uniq_erica
Lair:1:   layout_gridlike, serial_bayou_shore_a
Lair:2:   layout_regular_city, swamp_mist, minmay_snake_entry_guardpost_small,
          nicolae_volcano_entry_batcave, st_stairs_11

Skill      XL: |  1  2  3  4  5  6  7  8  9 10 11 12 |
---------------+-------------------------------------+-----
Poison Magic   | 2 3 4 5 6 |  6.3
Invocations    | 1 2 3 4 5 6 7 |  7.8
Short Blades   | 1 2 3 4 5 6 7 |  7.1
Long Blades    | 1 2 3 4 5 6 7 |  7.1
Maces & Flails | 1 2 3 4 5 6 7 |  7.1
Polearms       | 1 2 3 4 5 6 7 |  7.1
Staves         | 1 2 3 4 5 6 7 |  7.1
Slings         | 1 2 3 4 5 6 7 |  7.1
Bows           | 1 2 3 4 5 6 7 |  7.1
Crossbows      | 1 2 3 4 5 6 7 |  7.1
Throwing       | 1 2 3 4 5 6 7 |  7.1
Dodging        | 1 2 3 4 5 6 7 |  7.1
Unarmed Combat | 1 2 3 4 5 6 7 |  7.1
Evocations     | 1 2 3 4 5 6 7 |  7.1
Spellcasting   | 3 4 5 6 7 |  7.7
Conjurations   | 1 2 3 4 5 |  5.9
Hexes          | 1 2 3 4 5 |  5.9
Summonings     | 1 2 3 4 5 |  5.9
Necromancy     | 1 2 3 4 5 |  5.9
Translocations | 1 2 3 4 5 |  5.9
Transmutations | 1 2 3 4 5 |  5.9
Fire Magic     | 1 2 3 4 5 |  5.9
Ice Magic      | 1 2 3 4 5 |  5.9
Air Magic      | 1 2 3 4 5 |  5.9
Fighting       | 3 4 5 6 7 |  7.6
Axes           | 3 4 5 6 7 |  7.6
Armour         | 3 4 5 6 7 |  7.6
Shields        | 3 4 5 6 7 |  7.6
Stealth        | 3 4 5 6 7 |  7.5
Earth Magic    | 6 7 8 |  8.1

Action                   |  1- 3 |  4- 6 |  7- 9 | 10-12 || total
-------------------------+-------+-------+-------+-------++-------
Melee: Hand axe          |   104 |   186 |   376 |    94 ||   760
       Bite              |     7 |    16 |    38 |    25 ||    86
       Morningstar       |       |       |       |    77 ||    77
       Halberd           |       |       |       |   146 ||   146
Throw: Dart              |       |     7 |     1 |     1 ||     9
       Javelin           |       |     4 |       |       ||     4
Invok: Berserk           |       |       |    10 |    28 ||    38
  Use: Scroll            |     6 |     9 |     6 |     7 ||    28
       Potion            |       |     1 |     1 |     8 ||    10
 Stab: Sleeping          |     3 |     3 |     1 |     7 ||    14
       Distracted        |       |       |       |     1 ||     1
Armor: Robe              |    26 |       |       |       ||    26
       Leather armour    |     9 |     6 |       |       ||    15
       Ring mail         |       |    68 |   140 |   108 ||   316
Dodge: Dodged            |    72 |   103 |   187 |   175 ||   537
Block: Buckler           |    19 |    42 |   106 |    49 ||   216

Table legend: (Time is in decaauts)
 A = Elapsed time spent in this place.
 B = Non-inter-level travel time spent in this place.
 C = Inter-level travel time spent in this place.
 D = Time resting spent in this place.
 E = Time spent auto-exploring this place.
 F = Levels seen in this place.
 G = Mean time per level.
                   A        B        C        D        E       F      G
               +--------+--------+--------+--------+--------+-----+--------+
         Total |  18885 |  18017 |    868 |   7089 |   7658 |  12 | 1573.8 |
       Dungeon |  16649 |  15824 |    825 |   6037 |   6880 |  10 | 1664.9 |
          Lair |   2235 |   2192 |     43 |   1052 |    778 |   2 | 1117.5 |
               +--------+--------+--------+--------+--------+-----+--------+

Top non-repeatable levels by time:
     D:9: 3754 daAuts
     D:8: 2803 daAuts
    D:10: 2220 daAuts
  Lair:1: 2207 daAuts
     D:1: 1661 daAuts
     D:7: 1290 daAuts
     D:6: 1280 daAuts
     D:3: 1242 daAuts
     D:4: 1046 daAuts
     D:5: 685 daAuts
     D:2: 664 daAuts
  Lair:2: 27 daAuts
